Heat vs Barracuda
Created - January 2, 2022 at 19:16
Goals
|
Heat |
1 |
1 |
2 |
4 |
Barracuda |
1 |
2 |
3 |
6 |
|
Shots
|
Heat |
5 |
15 |
10 |
30 |
Barracuda |
7 |
13 |
16 |
36 |
|
1st period
1. Barracuda , Chris Wagner 3 (Robin Norell 2, Theodor Blueger 5) at 13:41
2. Heat , Peter Cehlarik 3 (Barclay Goodrow 3) at 18:27
Penalties :
Tyler Shattock (Sto) for Roughing (Minor) at 6:19, Matthew Nieto (Sto) for Holding (Minor) at 11:32
2nd period
3. Barracuda , Sam Carrick 6 (Arturs Kulda 6, Brandon Kozun 5) at 14:22 (PP)
4. Heat , Matthew Nieto 8 (Greg Pateryn 6, Mathieu Brodeur 1) at 15:27
5. Barracuda , Samuel Groulx 2 (Brandon Kozun 6, Sam Carrick 13) at 19:58 (PP)
Penalties :
Kevin Labanc (Sto) for Holding Stick (Minor) at 6:18, Brandon Kozun (S.J) for Roughing (Minor) at 9:07, Greg Pateryn (Sto) for Holding (Minor) at 13:48, Ryan Spooner (Sto) for Tripping (Minor) at 15:43, Barclay Goodrow (Sto) for Diving (Minor) at 19:51
3rd period
6. Barracuda , Luca Sbisa 1 (Sam Carrick 14, Brandon Kozun 7) at 0:42
7. Barracuda , William Carrier 10 (Brandon Kozun 8) at 7:02
8. Barracuda , William Carrier 11 (Luca Sbisa 4, Sam Carrick 15) at 7:24
9. Heat , Greg Pateryn 2 (Ryan Spooner 4) at 17:20 (PP)
10. Heat , Greg Pateryn 3 (Evgeny Svechnikov 3) at 19:38
Penalties :
Greg Pateryn (Sto) for Hooking (Minor) at 7:46, Matthew Nieto (Sto) for Roughing (Double Minor) at 10:32, Sam Carrick (S.J) for Tripping (Minor) at 16:16, Samuel Groulx (S.J) for Hooking (Minor) at 17:03
Goalie Stats
Michael Hutchinson (Sto), 30 saves from 36 shots - (0.833), L, 5-2-1, 60:00 minutes
Joacim Eriksson (S.J), 26 saves from 30 shots - (0.867), W, 6-3-1, 60:00 minutes
Players Stats for Heat
Player Name G A P +/- PIM S H SB GA TA FO MP PP MP PK MP
------------------------------------------------------------------------------------
Barclay Goodrow 0 1 1 0 2 1 1 0 1 1 0/0 7:39 0:00 0:00
Chris Brown 0 0 0 0 0 0 0 0 0 0 1/3 9:14 0:00 1:38
Evgeny Svechnikov 0 1 1 1 0 2 1 0 0 1 0/0 12:50 2:35 0:00
Frank Corrado 0 0 0 -1 0 1 1 1 0 0 0/0 20:45 1:31 5:19
Greg Pateryn 2 1 3 0 4 4 5 1 0 1 0/0 26:52 3:14 6:58
Jake DeBrusk 0 0 0 0 0 4 2 0 0 1 0/1 18:58 2:35 5:21
Jesper Bratt 0 0 0 0 0 1 1 0 0 0 0/0 7:07 0:00 0:12
John Gilmour 0 0 0 0 0 0 0 0 0 0 0/0 10:32 0:00 0:29
Kevin Labanc 0 0 0 -1 2 4 2 2 2 0 2/3 24:04 2:10 6:57
Mathieu Brodeur 0 1 1 0 0 2 1 2 0 1 0/0 28:43 3:14 8:47
Matthew Nieto 1 0 1 -2 6 3 1 0 0 0 1/1 17:54 2:10 0:35
Nico Sturm 0 0 0 0 0 0 0 2 0 1 5/16 15:37 0:00 8:01
Peter Cehlarik 1 0 1 0 0 2 1 0 0 1 0/1 11:14 0:00 3:26
Petteri Lindbohm 0 0 0 0 0 0 0 0 0 0 0/0 12:06 0:00 1:56
Rasmus Andersson 0 0 0 -1 0 1 1 0 1 1 0/0 21:07 1:31 5:41
Ryan Spooner 0 1 1 0 2 0 2 0 2 0 6/11 17:06 2:35 3:00
Tyler Shattock 0 0 0 0 2 3 1 0 0 0 0/0 6:58 0:00 0:00
Victor Rask 0 0 0 -1 0 2 0 0 0 0 12/24 16:31 2:10 0:00
Players Stats for Barracuda
Player Name G A P +/- PIM S H SB GA TA FO MP PP MP PK MP
------------------------------------------------------------------------------------
Alex Henriksson 0 0 0 0 0 0 3 0 1 0 0/0 12:21 0:53 0:40
Arturs Kulda 0 1 1 0 0 7 0 2 1 0 0/0 29:17 8:53 3:20
Brandon Kozun 0 4 4 1 2 8 2 0 0 0 0/3 23:59 8:24 0:00
Chris Wagner 1 0 1 1 0 2 2 0 0 0 0/0 12:03 0:56 0:00
Cole Ully 0 0 0 0 0 3 2 0 2 1 1/1 17:44 5:27 0:56
David Shields 0 0 0 -1 0 1 0 2 0 1 0/0 20:59 5:36 1:52
Drew O'Connor 0 0 0 0 0 0 0 0 0 0 0/0 0:00 0:00 0:00
Emil Pettersson 0 0 0 -1 0 0 1 1 1 1 4/11 18:37 5:27 1:21
Jakob Chychrun 0 0 0 1 0 0 0 0 1 0 0/0 10:47 0:06 0:00
Justin Shugg 0 0 0 0 0 0 2 0 0 1 0/2 18:26 5:26 1:22
Luca Sbisa 1 1 2 1 0 3 0 3 2 1 0/0 28:14 8:53 2:53
Noah Gregor 0 0 0 0 0 0 0 0 0 0 1/2 6:25 0:00 0:00
Robin Norell 0 1 1 1 0 0 1 2 0 0 0/0 11:37 0:28 0:28
Sam Carrick 1 3 4 1 2 6 1 2 0 0 24/35 22:26 8:16 2:05
Samuel Groulx 1 0 1 -1 2 2 2 0 0 0 0/0 20:03 5:36 0:56
Tanner Jeannot 0 0 0 0 0 0 3 0 0 0 0/0 6:25 0:00 0:00
Theodor Blueger 0 1 1 1 0 2 0 0 0 0 3/5 12:22 0:19 0:00
William Carrier 2 0 2 1 0 2 2 1 0 1 0/1 23:10 8:15 2:49
3 Stars
1 - Sam Carrick (S.J)
2 - William Carrier (S.J)
3 - Brandon Kozun (S.J)
Power Play
Heat - 1 on 3 Attempt(s) - 33.33%
Barracuda - 2 on 9 Attempt(s) - 22.22%
Penalty Kill
Heat - 7 on 9 Attempt(s) - 77.78%
- Score 0 goal in Penalty Kill
Barracuda - 2 on 3 Attempt(s) - 66.67%
- Score 0 goal in Penalty Kill
Team Stat
Heat - Hits : 20 - Faceoff Wins : 27 - Blocked Shots : 8 - Penalty Minutes : 18
Barracuda - Hits : 21 - Faceoff Wins : 33 - Blocked Shots : 13 - Penalty Minutes : 6
Official
Referees : Mitch Dunning and Dean Morton
Linesman : Julien Fournier and Tony Sericolo
Game Notes
No Game Note
Finance
Level 1 -- Attendance: 2000 (100.00%) -- Ticket Income $70,000
Level 2 -- Attendance: 955 (95.50%) -- Ticket Income $14,325
Total Attendance: 2955 (98.50%)
Total Ticket Income: $84,325
Other Income: $4,216
Total Income: $88,541
Heat
5 vs 5 Forward
Center Left Wing Right Wing Time % Phy DF OF
1 Victor Rask Matthew Nieto Kevin Labanc 40 1 2 2
2 Ryan Spooner Jake DeBrusk Evgeny Svechnikov 30 1 2 2
3 Nico Sturm Peter Cehlarik Barclay Goodrow 20 1 2 2
4 Chris Brown Jesper Bratt Tyler Shattock 10 1 2 2
5 vs 5 Defense
Defense Defense Time % Phy DF OF
1 Mathieu Brodeur Greg Pateryn 40 1 2 2
2 Rasmus Andersson Frank Corrado 30 1 2 2
3 John Gilmour Petteri Lindbohm 20 1 2 2
4 Mathieu Brodeur Greg Pateryn 10 1 2 2
PowerPlay Forward
Center Left Wing Right Wing Time % Phy DF OF
1 Victor Rask Matthew Nieto Kevin Labanc 60 1 2 2
2 Ryan Spooner Jake DeBrusk Evgeny Svechnikov 40 1 2 2
PowerPlay Defense
Defense Defense Time % Phy DF OF
1 Mathieu Brodeur Greg Pateryn 60 1 2 2
2 Rasmus Andersson Frank Corrado 40 1 2 2
Penalty Kill 4 Players Forward
Center Wing Time % Phy DF OF
1 Nico Sturm Kevin Labanc 60 1 2 2
2 Ryan Spooner Jake DeBrusk 40 1 2 2
Penalty Kill 4 Players Defense
Defense Defense Time % Phy DF OF
1 Mathieu Brodeur Greg Pateryn 60 1 2 2
2 Rasmus Andersson Frank Corrado 40 1 2 2
Penalty Kill - 3 Players Forward
Forward Time % Phy DF OF
1 Nico Sturm 60 1 2 2
2 Matthew Nieto 40 1 2 2
Penalty Kill - 3 Players Defense
Defense Defense Time % Phy DF OF
1 Mathieu Brodeur Greg Pateryn 60 1 2 2
2 Rasmus Andersson Frank Corrado 40 1 2 2
4 vs 4 Forward
Center Wing Time % Phy DF OF
1 Victor Rask Kevin Labanc 60 1 2 2
2 Nico Sturm Matthew Nieto 40 1 2 2
4 vs 4 Defense
Defense Defense Time % Phy DF OF
1 Mathieu Brodeur Greg Pateryn 60 1 2 2
2 Rasmus Andersson Frank Corrado 40 1 2 2
Last Minutes Offensive
Center Left Wing Right Wing Defense Defense
Victor Rask Matthew Nieto Kevin Labanc Mathieu Brodeur Greg Pateryn
Last Minutes Defensive
Center Left Wing Right Wing Defense Defense
Victor Rask Matthew Nieto Kevin Labanc Mathieu Brodeur Greg Pateryn
Goaltenders
Starting : Michael Hutchinson
Backup : Vitek Vanecek
Extra Forwards
Normal : Ryan Spooner, Nico Sturm, Peter Cehlarik - PP : Ryan Spooner, Nico Sturm - PK : Peter Cehlarik
Extra Defensemen
Normal : John Gilmour, Petteri Lindbohm, Rasmus Andersson - PP : John Gilmour - PK : Petteri Lindbohm, Rasmus Andersson
Penalty Shots
Matthew Nieto, Kevin Labanc, Jake DeBrusk, Victor Rask, Evgeny Svechnikov
Scratches
Alexander True (Healthy), Brandon Hickey (Healthy), Christian Jaros (Healthy), Dominik Masin (Healthy), Eric Karlsson (Healthy)
Philip Varone (Bruised Right Arm Injury), Ryan Donato (Healthy), Trevor Carrick (Healthy), Vladislav Kamenev (Healthy), Tage Thompson (Healthy)
Radim Zohorna (Healthy), Nathan Lieuwen (Healthy), Collin Delia (Healthy)
Barracuda
5 vs 5 Forward
Center Left Wing Right Wing Time % Phy DF OF
1 Sam Carrick William Carrier Brandon Kozun 40 1 2 2
2 Emil Pettersson Cole Ully Justin Shugg 30 1 2 2
3 Theodor Blueger Alex Henriksson Chris Wagner 20 1 2 2
4 Noah Gregor Tanner Jeannot Brandon Kozun 10 1 2 2
5 vs 5 Defense
Defense Defense Time % Phy DF OF
1 Arturs Kulda Luca Sbisa 40 1 2 2
2 Samuel Groulx David Shields 30 1 2 2
3 Robin Norell Jakob Chychrun 20 1 2 2
4 Arturs Kulda Luca Sbisa 10 1 2 2
PowerPlay Forward
Center Left Wing Right Wing Time % Phy DF OF
1 Sam Carrick William Carrier Brandon Kozun 60 1 2 2
2 Emil Pettersson Cole Ully Justin Shugg 40 1 2 2
PowerPlay Defense
Defense Defense Time % Phy DF OF
1 Arturs Kulda Luca Sbisa 60 1 2 2
2 Samuel Groulx David Shields 40 1 2 2
Penalty Kill 4 Players Forward
Center Wing Time % Phy DF OF
1 Sam Carrick William Carrier 60 1 2 2
2 Emil Pettersson Cole Ully 40 1 2 2
Penalty Kill 4 Players Defense
Defense Defense Time % Phy DF OF
1 Arturs Kulda Luca Sbisa 60 1 2 2
2 Samuel Groulx David Shields 40 1 2 2
Penalty Kill - 3 Players Forward
Forward Time % Phy DF OF
1 Sam Carrick 60 1 2 2
2 Emil Pettersson 40 1 2 2
Penalty Kill - 3 Players Defense
Defense Defense Time % Phy DF OF
1 Arturs Kulda Luca Sbisa 60 1 2 2
2 Samuel Groulx David Shields 40 1 2 2
4 vs 4 Forward
Center Wing Time % Phy DF OF
1 Sam Carrick William Carrier 60 1 2 2
2 Emil Pettersson Cole Ully 40 1 2 2
4 vs 4 Defense
Defense Defense Time % Phy DF OF
1 Arturs Kulda Luca Sbisa 60 1 2 2
2 Samuel Groulx David Shields 40 1 2 2
Last Minutes Offensive
Center Left Wing Right Wing Defense Defense
Sam Carrick William Carrier Brandon Kozun Arturs Kulda Luca Sbisa
Last Minutes Defensive
Center Left Wing Right Wing Defense Defense
Sam Carrick William Carrier Brandon Kozun Arturs Kulda Luca Sbisa
Goaltenders
Starting : Joacim Eriksson
Backup : Oscar Dansk
Extra Forwards
Normal : Justin Shugg, Chris Wagner, Theodor Blueger - PP : Justin Shugg, Chris Wagner - PK : Justin Shugg
Extra Defensemen
Normal : David Shields, Robin Norell, Jakob Chychrun - PP : David Shields - PK : David Shields, Robin Norell
Penalty Shots
Sam Carrick, Brandon Kozun, William Carrier, Emil Pettersson, Justin Shugg
Scratches
Alex Lintuniemi (Healthy), Jerome Gauthier-Leduc (Healthy), Mario Lucia (Severed Right Wrist Tendon Injury), Thomas Gobeil (Healthy), Dennis Cholowski (Healthy)
Michael Pezzetta (Healthy), Kevin Lankinen (Healthy)
% Time on Ice - Heat
Lines # - Real PCT - Wanted PCT - Time Play
Normal Forward
1 - 37% - 40% - 15:04
2 - 27% - 30% - 11:09
3 - 19% - 20% - 7:33
4 - 17% - 10% - 6:54
Normal Defense
1 - 42% - 40% - 16:53
2 - 34% - 30% - 13:55
3 - 24% - 20% - 9:40
4 - 0% - 10% - 0:12
PP Forward
1 - 46% - 60% - 2:10
2 - 54% - 40% - 2:35
PP Defense
1 - 68% - 60% - 3:14
2 - 32% - 40% - 1:31
PK Forward
1 - 74% - 60% - 10:46
2 - 26% - 40% - 3:49
PK Defense
1 - 64% - 60% - 9:16
2 - 36% - 40% - 5:19
PK3 Forward
1 - 0% - 60%
2 - 0% - 40%
PK3 Defense
1 - 0% - 60%
2 - 0% - 40%
44 Forward
1 - 0% - 60%
2 - 0% - 40%
44 Defense
1 - 0% - 60%
2 - 0% - 40%
Last Minute Offensive - 0:00
Last Minute Defensive - 0:00
Total
Forward - 60:00
Defense - 60:00
|
% Time on Ice - Barracuda
Lines # - Real PCT - Wanted PCT - Time Play
Normal Forward
1 - 31% - 40% - 12:42
2 - 28% - 30% - 11:21
3 - 25% - 20% - 10:12
4 - 16% - 10% - 6:25
Normal Defense
1 - 41% - 40% - 16:39
2 - 33% - 30% - 13:31
3 - 25% - 20% - 10:08
4 - 1% - 10% - 0:22
PP Forward
1 - 61% - 60% - 8:56
2 - 39% - 40% - 5:39
PP Defense
1 - 62% - 60% - 8:59
2 - 38% - 40% - 5:36
PK Forward
1 - 79% - 60% - 3:32
2 - 21% - 40% - 0:56
PK Defense
1 - 58% - 60% - 2:36
2 - 42% - 40% - 1:52
PK3 Forward
1 - 100% - 60% - 0:17
2 - 0% - 40% - 0:00
PK3 Defense
1 - 100% - 60% - 0:17
2 - 0% - 40% - 0:00
44 Forward
1 - 0% - 60%
2 - 0% - 40%
44 Defense
1 - 0% - 60%
2 - 0% - 40%
Last Minute Offensive - 0:00
Last Minute Defensive - 0:00
Total
Forward - 60:00
Defense - 60:00
|
Play-by-Play
1st period
0:01 of 1st period - Sam Carrick wins face-off versus Victor Rask in neutral zone.
0:27 of 1st period - Luca Sbisa is hit by Greg Pateryn and loses puck.
1:27 of 1st period - Rasmus Andersson is hit by Sam Carrick and loses puck.
1:36 of 1st period - Slapshot by Kevin Labanc.
1:36 of 1st period - Shot Blocked by David Shields.
3:50 of 1st period - Nico Sturm is hit by William Carrier and loses puck.
3:59 of 1st period - Snap shot by Peter Cehlarik.
3:59 of 1st period - Shot Blocked by Arturs Kulda.
4:11 of 1st period - Frank Corrado is hit by Justin Shugg and loses puck.
4:18 of 1st period - Emil Pettersson is hit by Ryan Spooner and loses puck.
4:35 of 1st period - David Shields is hit by Frank Corrado and loses puck.
4:45 of 1st period - Snap shot by Victor Rask.
4:45 of 1st period - Shot Misses the Net.
4:51 of 1st period - John Gilmour is hit by Cole Ully and loses puck.
5:12 of 1st period - Slapshot by Arturs Kulda.
5:12 of 1st period - Stopped by Michael Hutchinson with a rebound.
5:17 of 1st period - Off-side.
5:18 of 1st period - Sam Carrick wins face-off versus Ryan Spooner in neutral zone.
5:18 of 1st period - Arturs Kulda is hit by Greg Pateryn.
5:32 of 1st period - Greg Pateryn is hit by William Carrier and loses puck.
5:47 of 1st period - Nico Sturm is hit by Alex Henriksson and loses puck.
6:19 of 1st period - Minor Penalty to Tyler Shattock for Roughing.
6:20 of 1st period - Nico Sturm wins face-off versus Brandon Kozun in Heat zone.
6:31 of 1st period - Slapshot by Nico Sturm.
6:31 of 1st period - Shot Blocked by Luca Sbisa.
6:46 of 1st period - Icing by Arturs Kulda.
6:47 of 1st period - Nico Sturm wins face-off versus Emil Pettersson in Barracuda zone.
6:55 of 1st period - Slapshot by Luca Sbisa.
6:55 of 1st period - Stopped by Michael Hutchinson with a rebound.
6:57 of 1st period - Snap shot by Arturs Kulda.
6:57 of 1st period - Shot Blocked by Nico Sturm.
7:15 of 1st period - Slapshot by Jake DeBrusk.
7:15 of 1st period - Shot Blocked by Sam Carrick.
8:19 of 1st period - Penalty to Tyler Shattock is over, Tyler Shattock is back on ice.
9:21 of 1st period - Slapshot by Chris Brown.
9:21 of 1st period - Shot Misses the Net.
11:04 of 1st period - Wrist shot by Evgeny Svechnikov.
11:04 of 1st period - Stopped by Joacim Eriksson with a rebound.
11:25 of 1st period - Off-side.
11:26 of 1st period - Theodor Blueger wins face-off versus Victor Rask in neutral zone.
11:32 of 1st period - Minor Penalty to Matthew Nieto for Holding.
11:33 of 1st period - Nico Sturm wins face-off versus Brandon Kozun in Heat zone.
11:38 of 1st period - Slapshot by Brandon Kozun.
11:38 of 1st period - Stopped by Michael Hutchinson without a rebound.
11:39 of 1st period - Nico Sturm wins face-off versus Sam Carrick in Heat zone.
11:50 of 1st period - Snap shot by Sam Carrick.
11:50 of 1st period - Stopped by Michael Hutchinson without a rebound.
11:51 of 1st period - Sam Carrick wins face-off versus Nico Sturm in Heat zone.
13:32 of 1st period - Penalty to Matthew Nieto is over, Matthew Nieto is back on ice.
13:37 of 1st period - Wrist shot by Theodor Blueger.
13:37 of 1st period - Shot Misses the Net.
13:41 of 1st period - Snap shot by Chris Wagner.
13:41 of 1st period - Goal by Chris Wagner - Heat : 0 - Barracuda : 1.
13:42 of 1st period - Matthew Nieto wins face-off versus Emil Pettersson in neutral zone.
13:45 of 1st period - Wrist shot by Kevin Labanc.
13:45 of 1st period - Shot Hit the Post.
14:13 of 1st period - Peter Cehlarik is hit by Samuel Groulx and loses puck.
14:28 of 1st period - Backhand shot by Evgeny Svechnikov.
14:28 of 1st period - Shot Misses the Net.
14:49 of 1st period - Wrist shot by Kevin Labanc.
14:49 of 1st period - Deflect By Matthew Nieto.
14:49 of 1st period - Stopped by Joacim Eriksson with a rebound.
15:05 of 1st period - Snap shot by Cole Ully.
15:05 of 1st period - Stopped by Michael Hutchinson without a rebound.
15:06 of 1st period - Chris Brown wins face-off versus Emil Pettersson in Heat zone.
15:15 of 1st period - Wrist shot by Emil Pettersson.
15:15 of 1st period - Shot Misses the Net.
15:32 of 1st period - Arturs Kulda is hit by Kevin Labanc and loses puck.
15:51 of 1st period - Wrist shot by Jake DeBrusk.
15:51 of 1st period - Stopped by Joacim Eriksson without a rebound.
15:52 of 1st period - Ryan Spooner wins face-off versus Theodor Blueger in Barracuda zone.
16:14 of 1st period - Slapshot by Mathieu Brodeur.
16:14 of 1st period - Shot Blocked by David Shields.
16:22 of 1st period - Jake DeBrusk is hit by Samuel Groulx and loses puck.
16:41 of 1st period - Wrist shot by Cole Ully.
16:41 of 1st period - Shot Blocked by Frank Corrado.
17:19 of 1st period - Wrist shot by Nico Sturm.
17:19 of 1st period - Shot Blocked by Sam Carrick.
17:21 of 1st period - Snap shot by Barclay Goodrow.
17:21 of 1st period - Stopped by Joacim Eriksson with a rebound.
17:55 of 1st period - Wrist shot by Alex Henriksson.
17:55 of 1st period - Shot Blocked by Mathieu Brodeur.
17:57 of 1st period - Wrist shot by Theodor Blueger.
17:57 of 1st period - Stopped by Michael Hutchinson without a rebound.
17:58 of 1st period - Victor Rask wins face-off versus Emil Pettersson in Heat zone.
18:07 of 1st period - Kevin Labanc is hit by Justin Shugg and loses puck.
18:22 of 1st period - David Shields is hit by Barclay Goodrow and loses puck.
18:27 of 1st period - Snap shot by Peter Cehlarik.
18:27 of 1st period - Goal by Peter Cehlarik - Heat : 1 - Barracuda : 1.
18:28 of 1st period - Victor Rask wins face-off versus Sam Carrick in neutral zone.
18:35 of 1st period - Snap shot by Matthew Nieto.
18:35 of 1st period - Shot Misses the Net.
18:37 of 1st period - Snap shot by Mathieu Brodeur.
18:37 of 1st period - Shot Blocked by Luca Sbisa.
19:22 of 1st period - Robin Norell is hit by Jesper Bratt and loses puck.
Goals for this period are 1 for Heat vs 1 for Barracuda.
Shots for this period are 5 for Heat vs 7 for Barracuda.
2nd period
0:01 of 2nd period - Victor Rask wins face-off versus Sam Carrick in neutral zone.
0:08 of 2nd period - Slapshot by Mathieu Brodeur.
0:08 of 2nd period - Stopped by Joacim Eriksson without a rebound.
0:09 of 2nd period - Victor Rask wins face-off versus Sam Carrick in Barracuda zone.
0:10 of 2nd period - Snap shot by Kevin Labanc.
0:10 of 2nd period - Stopped by Joacim Eriksson without a rebound.
0:11 of 2nd period - Sam Carrick wins face-off versus Victor Rask in Barracuda zone.
0:29 of 2nd period - Brandon Kozun is hit by Mathieu Brodeur and loses puck.
0:46 of 2nd period - Slapshot by Cole Ully.
0:46 of 2nd period - Shot Misses the Net.
1:00 of 2nd period - Snap shot by Tyler Shattock.
1:00 of 2nd period - Stopped by Joacim Eriksson without a rebound.
1:01 of 2nd period - Sam Carrick wins face-off versus Chris Brown in Barracuda zone.
1:22 of 2nd period - Samuel Groulx is hit by Rasmus Andersson and loses puck.
1:27 of 2nd period - Wrist shot by Chris Brown.
1:27 of 2nd period - Shot Misses the Net.
1:29 of 2nd period - Wrist shot by Tyler Shattock.
1:29 of 2nd period - Stopped by Joacim Eriksson with a rebound.
1:31 of 2nd period - Slapshot by Frank Corrado.
1:31 of 2nd period - Deflect By Jesper Bratt.
1:31 of 2nd period - Stopped by Joacim Eriksson with a rebound.
1:55 of 2nd period - Snap shot by Chris Brown.
1:55 of 2nd period - Shot Misses the Net.
1:57 of 2nd period - Slapshot by Tyler Shattock.
1:57 of 2nd period - Stopped by Joacim Eriksson with a rebound.
1:59 of 2nd period - Slapshot by Rasmus Andersson.
1:59 of 2nd period - Deflect By William Carrier.
1:59 of 2nd period - Stopped by Joacim Eriksson without a rebound.
2:00 of 2nd period - Cole Ully wins face-off versus Victor Rask in Barracuda zone.
3:29 of 2nd period - Wrist shot by Jake DeBrusk.
3:29 of 2nd period - Shot Misses the Net.
5:12 of 2nd period - Emil Pettersson is hit by Greg Pateryn.
5:26 of 2nd period - Tyler Shattock is hit by Tanner Jeannot and loses puck.
5:50 of 2nd period - Rasmus Andersson is hit by Alex Henriksson and loses puck.
6:03 of 2nd period - Wrist shot by Matthew Nieto.
6:03 of 2nd period - Deflect By Kevin Labanc.
6:03 of 2nd period - Stopped by Joacim Eriksson without a rebound.
6:04 of 2nd period - Sam Carrick wins face-off versus Victor Rask in Barracuda zone.
6:04 of 2nd period - Sam Carrick is hit by Kevin Labanc.
6:18 of 2nd period - Minor Penalty to Kevin Labanc for Holding Stick.
6:19 of 2nd period - Nico Sturm wins face-off versus Emil Pettersson in Heat zone.
8:14 of 2nd period - Icing by David Shields.
8:15 of 2nd period - Sam Carrick wins face-off versus Ryan Spooner in Barracuda zone.
8:18 of 2nd period - Penalty to Kevin Labanc is over, Kevin Labanc is back on ice.
8:22 of 2nd period - Matthew Nieto is hit by Brandon Kozun and loses puck.
9:07 of 2nd period - Minor Penalty to Brandon Kozun for Roughing.
9:08 of 2nd period - Victor Rask wins face-off versus Sam Carrick in Barracuda zone.
9:13 of 2nd period - Snap shot by Victor Rask.
9:13 of 2nd period - Stopped by Joacim Eriksson with a rebound.
9:15 of 2nd period - Slapshot by Mathieu Brodeur.
9:15 of 2nd period - Deflect By Matthew Nieto.
9:15 of 2nd period - Stopped by Joacim Eriksson without a rebound.
9:16 of 2nd period - Victor Rask wins face-off versus Sam Carrick in Barracuda zone.
9:47 of 2nd period - Snap shot by Jake DeBrusk.
9:47 of 2nd period - Stopped by Joacim Eriksson with a rebound.
10:06 of 2nd period - Off-side.
10:07 of 2nd period - Ryan Spooner wins face-off versus Emil Pettersson in neutral zone.
10:36 of 2nd period - Arturs Kulda is hit by Matthew Nieto and loses puck.
11:07 of 2nd period - Penalty to Brandon Kozun is over, Brandon Kozun is back on ice.
11:17 of 2nd period - Alex Henriksson is hit by Peter Cehlarik and loses puck.
11:34 of 2nd period - Wrist shot by Tyler Shattock.
11:34 of 2nd period - Shot Blocked by Robin Norell.
12:59 of 2nd period - Wrist shot by Ryan Spooner.
12:59 of 2nd period - Shot Blocked by Emil Pettersson.
13:15 of 2nd period - Wrist shot by Brandon Kozun.
13:15 of 2nd period - Stopped by Michael Hutchinson with a rebound.
13:48 of 2nd period - Minor Penalty to Greg Pateryn for Holding.
13:49 of 2nd period - Sam Carrick wins face-off versus Nico Sturm in Heat zone.
13:52 of 2nd period - Wrist shot by Brandon Kozun.
13:52 of 2nd period - Stopped by Michael Hutchinson with a rebound.
13:54 of 2nd period - Wrist shot by Sam Carrick.
13:54 of 2nd period - Stopped by Michael Hutchinson without a rebound.
13:55 of 2nd period - Sam Carrick wins face-off versus Nico Sturm in Heat zone.
14:04 of 2nd period - Snap shot by Sam Carrick.
14:04 of 2nd period - Shot Misses the Net.
14:06 of 2nd period - Snap shot by Sam Carrick.
14:06 of 2nd period - Shot Blocked by Nico Sturm.
14:08 of 2nd period - Slapshot by Arturs Kulda.
14:08 of 2nd period - Stopped by Michael Hutchinson with a rebound.
14:10 of 2nd period - Snap shot by Sam Carrick.
14:10 of 2nd period - Stopped by Michael Hutchinson without a rebound.
14:11 of 2nd period - Kevin Labanc wins face-off versus Sam Carrick in Heat zone.
14:22 of 2nd period - Snap shot by Sam Carrick.
14:22 of 2nd period - Goal by Sam Carrick - Heat : 1 - Barracuda : 2.
14:23 of 2nd period - Victor Rask wins face-off versus Sam Carrick in neutral zone.
14:30 of 2nd period - Slapshot by Kevin Labanc.
14:30 of 2nd period - Stopped by Joacim Eriksson without a rebound.
14:31 of 2nd period - Sam Carrick wins face-off versus Victor Rask in Barracuda zone.
15:17 of 2nd period - Snap shot by Victor Rask.
15:17 of 2nd period - Stopped by Joacim Eriksson with a rebound.
15:19 of 2nd period - Snap shot by Mathieu Brodeur.
15:19 of 2nd period - Deflect By Sam Carrick.
15:19 of 2nd period - Stopped by Joacim Eriksson with a rebound.
15:23 of 2nd period - Snap shot by Matthew Nieto.
15:23 of 2nd period - Shot Misses the Net.
15:25 of 2nd period - Slapshot by Greg Pateryn.
15:25 of 2nd period - Shot Misses the Net.
15:27 of 2nd period - Wrist shot by Matthew Nieto.
15:27 of 2nd period - Goal by Matthew Nieto - Heat : 2 - Barracuda : 2.
15:28 of 2nd period - Emil Pettersson wins face-off versus Ryan Spooner in neutral zone.
15:28 of 2nd period - Samuel Groulx is hit by Ryan Spooner and loses puck.
15:41 of 2nd period - Snap shot by Cole Ully.
15:41 of 2nd period - Stopped by Michael Hutchinson with a rebound.
15:43 of 2nd period - Minor Penalty to Ryan Spooner for Tripping.
15:44 of 2nd period - Sam Carrick wins face-off versus Nico Sturm in Heat zone.
15:49 of 2nd period - Wrist shot by Sam Carrick.
15:49 of 2nd period - Stopped by Michael Hutchinson without a rebound.
15:50 of 2nd period - Sam Carrick wins face-off versus Nico Sturm in Heat zone.
16:15 of 2nd period - Snap shot by Brandon Kozun.
16:15 of 2nd period - Stopped by Michael Hutchinson with a rebound.
16:39 of 2nd period - Slapshot by Arturs Kulda.
16:39 of 2nd period - Stopped by Michael Hutchinson with a rebound.
16:41 of 2nd period - Wrist shot by Sam Carrick.
16:41 of 2nd period - Shot Misses the Net.
16:43 of 2nd period - Slapshot by Arturs Kulda.
16:43 of 2nd period - Stopped by Michael Hutchinson without a rebound.
16:44 of 2nd period - Emil Pettersson wins face-off versus Peter Cehlarik in Heat zone.
17:43 of 2nd period - Penalty to Ryan Spooner is over, Ryan Spooner is back on ice.
18:01 of 2nd period - Snap shot by Ryan Spooner.
18:01 of 2nd period - Shot Blocked by Robin Norell.
18:07 of 2nd period - Greg Pateryn is hit by Robin Norell.
18:11 of 2nd period - Chris Wagner is hit by Jake DeBrusk and loses puck.
18:19 of 2nd period - Off-side.
18:20 of 2nd period - Victor Rask wins face-off versus Noah Gregor in neutral zone.
19:25 of 2nd period - Petteri Lindbohm is hit by Chris Wagner and loses puck.
19:51 of 2nd period - Minor Penalty to Barclay Goodrow for Diving.
19:52 of 2nd period - Sam Carrick wins face-off versus Nico Sturm in Heat zone.
19:52 of 2nd period - Snap shot by Brandon Kozun.
19:52 of 2nd period - Deflect By Sam Carrick.
19:52 of 2nd period - Stopped by Michael Hutchinson with a rebound.
19:54 of 2nd period - Snap shot by Samuel Groulx.
19:54 of 2nd period - Shot Blocked by Mathieu Brodeur.
19:56 of 2nd period - Snap shot by Brandon Kozun.
19:56 of 2nd period - Shot Misses the Net.
19:58 of 2nd period - Snap shot by Samuel Groulx.
19:58 of 2nd period - Deflect By Greg Pateryn.
19:58 of 2nd period - Goal by Samuel Groulx - Heat : 2 - Barracuda : 3.
19:59 of 2nd period - Sam Carrick wins face-off versus Victor Rask in neutral zone.
Goals for this period are 1 for Heat vs 2 for Barracuda.
Shots for this period are 15 for Heat vs 13 for Barracuda.
3rd period
0:01 of 3rd period - Victor Rask wins face-off versus Brandon Kozun in neutral zone.
0:14 of 3rd period - Wrist shot by Brandon Kozun.
0:14 of 3rd period - Shot Misses the Net.
0:16 of 3rd period - Slapshot by Arturs Kulda.
0:16 of 3rd period - Stopped by Michael Hutchinson without a rebound.
0:17 of 3rd period - Emil Pettersson wins face-off versus Jake DeBrusk in Heat zone.
0:28 of 3rd period - Snap shot by Cole Ully.
0:28 of 3rd period - Shot Misses the Net.
0:30 of 3rd period - Snap shot by Arturs Kulda.
0:30 of 3rd period - Stopped by Michael Hutchinson without a rebound.
0:31 of 3rd period - Sam Carrick wins face-off versus Victor Rask in Heat zone.
0:40 of 3rd period - Snap shot by Sam Carrick.
0:40 of 3rd period - Shot Misses the Net.
0:42 of 3rd period - Slapshot by Luca Sbisa.
0:42 of 3rd period - Goal by Luca Sbisa - Heat : 2 - Barracuda : 4.
0:43 of 3rd period - Sam Carrick wins face-off versus Victor Rask in neutral zone.
0:43 of 3rd period - William Carrier is hit by Greg Pateryn and loses puck.
0:50 of 3rd period - Slapshot by Matthew Nieto.
0:50 of 3rd period - Shot Misses the Net.
0:52 of 3rd period - Slapshot by Kevin Labanc.
0:52 of 3rd period - Stopped by Joacim Eriksson with a rebound.
0:54 of 3rd period - Wrist shot by Victor Rask.
0:54 of 3rd period - Shot Blocked by Arturs Kulda.
1:20 of 3rd period - Luca Sbisa is hit by Jake DeBrusk.
1:40 of 3rd period - Wrist shot by Peter Cehlarik.
1:40 of 3rd period - Stopped by Joacim Eriksson with a rebound.
1:42 of 3rd period - Slapshot by Greg Pateryn.
1:42 of 3rd period - Stopped by Joacim Eriksson with a rebound.
1:54 of 3rd period - Tanner Jeannot is hit by Tyler Shattock and loses puck.
2:18 of 3rd period - Snap shot by Matthew Nieto.
2:18 of 3rd period - Shot Misses the Net.
4:01 of 3rd period - Slapshot by David Shields.
4:01 of 3rd period - Stopped by Michael Hutchinson with a rebound.
4:07 of 3rd period - Slapshot by Jakob Chychrun.
4:07 of 3rd period - Shot Misses the Net.
4:09 of 3rd period - Slapshot by Theodor Blueger.
4:09 of 3rd period - Stopped by Michael Hutchinson without a rebound.
4:10 of 3rd period - Theodor Blueger wins face-off versus Ryan Spooner in Heat zone.
4:13 of 3rd period - Snap shot by Chris Wagner.
4:13 of 3rd period - Shot Misses the Net.
4:37 of 3rd period - Matthew Nieto is hit by Cole Ully and loses puck.
4:46 of 3rd period - Wrist shot by Cole Ully.
4:46 of 3rd period - Deflect By Victor Rask.
4:46 of 3rd period - Stopped by Michael Hutchinson without a rebound.
4:47 of 3rd period - Sam Carrick wins face-off versus Nico Sturm in Heat zone.
5:37 of 3rd period - Snap shot by Evgeny Svechnikov.
5:37 of 3rd period - Shot Misses the Net.
5:43 of 3rd period - Wrist shot by Chris Wagner.
5:43 of 3rd period - Stopped by Michael Hutchinson without a rebound.
5:44 of 3rd period - Victor Rask wins face-off versus Sam Carrick in Heat zone.
6:09 of 3rd period - Kevin Labanc is hit by Chris Wagner and loses puck.
6:16 of 3rd period - Snap shot by Alex Henriksson.
6:16 of 3rd period - Shot Misses the Net.
6:42 of 3rd period - Snap shot by Jake DeBrusk.
6:42 of 3rd period - Stopped by Joacim Eriksson with a rebound.
7:02 of 3rd period - Wrist shot by William Carrier.
7:02 of 3rd period - Deflect By Peter Cehlarik.
7:02 of 3rd period - Goal by William Carrier - Heat : 2 - Barracuda : 5.
7:03 of 3rd period - Sam Carrick wins face-off versus Victor Rask in neutral zone.
7:12 of 3rd period - Snap shot by Sam Carrick.
7:12 of 3rd period - Shot Misses the Net.
7:14 of 3rd period - Snap shot by Brandon Kozun.
7:14 of 3rd period - Stopped by Michael Hutchinson with a rebound.
7:16 of 3rd period - Slapshot by Luca Sbisa.
7:16 of 3rd period - Stopped by Michael Hutchinson without a rebound.
7:17 of 3rd period - Sam Carrick wins face-off versus Victor Rask in Heat zone.
7:20 of 3rd period - Slapshot by Sam Carrick.
7:20 of 3rd period - Shot Misses the Net.
7:22 of 3rd period - Slapshot by Luca Sbisa.
7:22 of 3rd period - Shot Misses the Net.
7:24 of 3rd period - Wrist shot by William Carrier.
7:24 of 3rd period - Goal by William Carrier - Heat : 2 - Barracuda : 6.
7:25 of 3rd period - Victor Rask wins face-off versus Sam Carrick in neutral zone.
7:33 of 3rd period - Arturs Kulda is hit by Greg Pateryn and loses puck.
7:46 of 3rd period - Minor Penalty to Greg Pateryn for Hooking.
7:47 of 3rd period - Sam Carrick wins face-off versus Nico Sturm in Heat zone.
7:48 of 3rd period - Snap shot by Brandon Kozun.
7:48 of 3rd period - Stopped by Michael Hutchinson without a rebound.
7:49 of 3rd period - Sam Carrick wins face-off versus Nico Sturm in Heat zone.
8:04 of 3rd period - Slapshot by Brandon Kozun.
8:04 of 3rd period - Stopped by Michael Hutchinson without a rebound.
8:05 of 3rd period - Sam Carrick wins face-off versus Kevin Labanc in Heat zone.
9:46 of 3rd period - Penalty to Greg Pateryn is over, Greg Pateryn is back on ice.
9:52 of 3rd period - Icing by Luca Sbisa.
9:53 of 3rd period - Ryan Spooner wins face-off versus Theodor Blueger in Barracuda zone.
9:56 of 3rd period - Snap shot by Evgeny Svechnikov.
9:56 of 3rd period - Stopped by Joacim Eriksson with a rebound.
10:03 of 3rd period - Icing by Luca Sbisa.
10:04 of 3rd period - Theodor Blueger wins face-off versus Ryan Spooner in Barracuda zone.
10:20 of 3rd period - Off-side.
10:21 of 3rd period - Victor Rask wins face-off versus Sam Carrick in neutral zone.
10:21 of 3rd period - Victor Rask is hit by Brandon Kozun.
10:32 of 3rd period - Double Minor Penalty to Matthew Nieto for Roughing.
10:33 of 3rd period - Sam Carrick wins face-off versus Nico Sturm in Heat zone.
10:39 of 3rd period - Wrist shot by Brandon Kozun.
10:39 of 3rd period - Shot Blocked by Kevin Labanc.
10:47 of 3rd period - Wrist shot by Brandon Kozun.
10:47 of 3rd period - Stopped by Michael Hutchinson with a rebound.
10:49 of 3rd period - Snap shot by Sam Carrick.
10:49 of 3rd period - Deflect By William Carrier.
10:49 of 3rd period - Shot Blocked by Greg Pateryn.
10:49 of 3rd period - Puck is out of play.
10:50 of 3rd period - Kevin Labanc wins face-off versus Emil Pettersson in Heat zone.
10:50 of 3rd period - Kevin Labanc is hit by Emil Pettersson.
11:22 of 3rd period - Slapshot by Jake DeBrusk.
11:22 of 3rd period - Shot Blocked by Luca Sbisa.
11:24 of 3rd period - Snap shot by Greg Pateryn.
11:24 of 3rd period - Stopped by Joacim Eriksson with a rebound.
11:26 of 3rd period - Slapshot by Ryan Spooner.
11:26 of 3rd period - Shot Misses the Net.
11:28 of 3rd period - Snap shot by Jake DeBrusk.
11:28 of 3rd period - Stopped by Joacim Eriksson with a rebound.
14:32 of 3rd period - Penalty to Matthew Nieto is over, Matthew Nieto is back on ice.
14:35 of 3rd period - Icing by Jesper Bratt.
14:36 of 3rd period - Noah Gregor wins face-off versus Chris Brown in Heat zone.
15:32 of 3rd period - Slapshot by Jakob Chychrun.
15:32 of 3rd period - Shot Blocked by Kevin Labanc.
15:49 of 3rd period - Frank Corrado is hit by Tanner Jeannot and loses puck.
15:56 of 3rd period - Frank Corrado is hit by Tanner Jeannot and loses puck.
16:07 of 3rd period - Slapshot by Jakob Chychrun.
16:07 of 3rd period - Deflect By Noah Gregor.
16:07 of 3rd period - Shot Misses the Net.
16:07 of 3rd period - Puck is out of play.
16:08 of 3rd period - Ryan Spooner wins face-off versus William Carrier in Heat zone.
16:16 of 3rd period - Minor Penalty to Sam Carrick for Tripping.
16:17 of 3rd period - Ryan Spooner wins face-off versus Justin Shugg in Barracuda zone.
17:03 of 3rd period - Minor Penalty to Samuel Groulx for Hooking.
17:04 of 3rd period - Ryan Spooner wins face-off versus Justin Shugg in Barracuda zone.
17:20 of 3rd period - Slapshot by Greg Pateryn.
17:20 of 3rd period - Goal by Greg Pateryn - Heat : 3 - Barracuda : 6.
17:21 of 3rd period - Sam Carrick wins face-off versus Victor Rask in neutral zone.
17:52 of 3rd period - Wrist shot by Jake DeBrusk.
17:52 of 3rd period - Shot Misses the Net.
17:54 of 3rd period - Slapshot by Frank Corrado.
17:54 of 3rd period - Stopped by Joacim Eriksson with a rebound.
17:56 of 3rd period - Wrist shot by Ryan Spooner.
17:56 of 3rd period - Shot Blocked by William Carrier.
18:34 of 3rd period - Greg Pateryn is hit by Alex Henriksson and loses puck.
18:45 of 3rd period - Alex Henriksson is hit by Evgeny Svechnikov and loses puck.
19:03 of 3rd period - Penalty to Samuel Groulx is over, Samuel Groulx is back on ice.
19:26 of 3rd period - Snap shot by Samuel Groulx.
19:26 of 3rd period - Stopped by Michael Hutchinson with a rebound.
19:28 of 3rd period - Slapshot by David Shields.
19:28 of 3rd period - Shot Misses the Net.
19:30 of 3rd period - Slapshot by Arturs Kulda.
19:30 of 3rd period - Stopped by Michael Hutchinson with a rebound.
19:38 of 3rd period - Snap shot by Greg Pateryn.
19:38 of 3rd period - Goal by Greg Pateryn - Heat : 4 - Barracuda : 6.
19:39 of 3rd period - Emil Pettersson wins face-off versus Nico Sturm in neutral zone.
Goals for this period are 2 for Heat vs 3 for Barracuda.
Shots for this period are 10 for Heat vs 16 for Barracuda.
Output by the SimonT Hockey Simulator (STHS) for Francois Prevost